 Dungeon Crawl Stone Soup version 0.30-a0-629-gd54f4be4f7 (webtiles) character file.

Game seed: 15923413207767257574

93 themarg the Insei (level 4, -2/34 HPs)
             Began as a Gnoll Transmuter on Jan 12, 2023.
             Was a Believer of Kikubaaqudgha.
             Slain by an ice beast (8 damage)
             ... on level 3 of the Dungeon.
             The game lasted 00:05:04 (1843 turns).

themarg the Insei (Gnoll Transmuter)                Turns: 1843, Time: 00:05:05

Health: -2/34      AC:  2    Str:  9    XL:     4   Next: 62%
Magic:  10/11      EV: 22    Int: 15    God:    Kikubaaqudgha [**....]
Gold:   95         SH:  0    Dex: 17    Spells: 7/13 levels left

rFire   . . .      SeeInvis .      - Unarmed
rCold   . . .      Faith    .    (shield currently unavailable)
rNeg    + . .      Spirit   .    (body armour currently unavailable)
rPois   x          Reflect  .    (helmet currently unavailable)
rElec   .          Harm     .    (cloak currently unavailable)
rCorr   .          Rampage  .    (gloves currently unavailable)
Will    .....                    (boots currently unavailable)
Stlth   ++                       (no amulet)
HPRegen 0.25/turn                r - ring of positive energy
MPRegen 0.12/turn                (no ring)

@: spider-form (expiring)
A: venomous fangs, tiny, (fangs 1), strong nose, distributed training
a: End Transformation, Renounce Religion, Unearth Wretches


You were on level 3 of the Dungeon.
You worshipped Kikubaaqudgha.
Kikubaaqudgha was pleased with you.
You were a venomous arachnid creature.
You visited 1 branch of the dungeon, and saw 3 of its levels.

You collected 95 gold pieces.

Inventory:

Missiles
 c - 23 stones
 g - 12 poisoned darts
Armour
 a - a +0 robe (melded)
 l - a +0 helmet
Jewellery
 i - an amulet of faith
 r - a ring of positive energy (left front pincers)
Scrolls
 e - a scroll of teleportation {unknown}
 f - a scroll of vulnerability {unknown}
 h - a scroll of fear {unknown}
 n - a scroll of fog {unknown}
 o - 2 scrolls of identify {unknown}
 q - a scroll of poison {unknown}
Potions
 b - a potion of lignification
 d - 2 potions of curing {unknown}
 j - a potion of degeneration {unknown}
 k - a potion of cancellation {unknown}
 m - a potion of ambrosia {unknown}
 p - 2 potions of heal wounds {unknown}


   Skills:
 + Level 2.8 Fighting
 + Level 1.2 Short Blades
 + Level 1.2 Long Blades
 + Level 1.2 Axes
 + Level 1.2 Maces & Flails
 + Level 1.2 Polearms
 + Level 1.2 Staves
 + Level 1.2 Ranged Weapons
 + Level 1.2 Throwing
 + Level 1.2 Armour
 + Level 4.7 Dodging
 + Level 1.2 Stealth
 + Level 1.2 Shields
 + Level 6.6 Unarmed Combat
 + Level 5.1 Spellcasting
 + Level 1.0 Conjurations
 + Level 1.0 Hexes
 + Level 1.0 Summonings
 + Level 1.0 Necromancy
 + Level 1.0 Translocations
 + Level 3.9 Transmutations
 + Level 1.0 Fire Magic
 + Level 1.0 Ice Magic
 + Level 1.0 Air Magic
 + Level 1.0 Earth Magic
 + Level 1.0 Poison Magic
 + Level 1.3 Invocations
 + Level 1.2 Evocations


You had 7 spell levels left.
You knew the following spells:

 Your Spells              Type           Power      Damage    Failure   Level
a - Beastly Appendage     Tmut           30%        N/A       11%         1
b - Wereblood             Tmut           15%        N/A       14%         2
c - Spider Form           Tmut/Pois      11%        N/A       38%         3

Your spell library contained the following spells:

 Spells                   Type           Power      Damage    Failure   Level
 Freeze                   Ice            24%        1d4       26%         1
 Kiss of Death            Conj/Necr      24%        2d7       26%         1
 Necrotise                Necr           24%        1d5       26%         1
 Cigotuvi's Dreadful Rot  Necr/Pois/Air  12%        N/A       34%         2
 Frozen Ramparts          Ice            12%        1d2       54%         3
 Hailstorm                Conj/Ice       6%         3d4       54%         3
 Ice Form                 Ice/Tmut       11%        N/A       73%         4
 Animate Dead             Necr           6%         N/A       87%         4
 Dispel Undead            Necr           6%         3d8       87%         4
 Death Channel            Necr           3%         N/A       100%        6


Dungeon Overview and Level Annotations

Branches:
Dungeon (3/15)

Altars:
Kikubaaqudgha


Innate Abilities, Weirdness & Mutations

You are a venomous arachnid creature.
You have venomous fangs.
You are tiny and dextrous.
Your spellcasting is less reliable in this form.
Your armour is entirely melded.
You are incapable of wielding weapons or throwing items.
((You have very sharp teeth.))
Your uncanny sense of smell can sniff out nearby items.
Your experience applies equally to all skills.


Message History

A rat comes into view.
Found a bone wand.
The rat closely misses you.
You hit the rat.
You kill the rat!
Kikubaaqudgha accepts your kill. The ice beast misses you.
You hit the ice beast but do no damage. The ice beast misses you.
You hit the ice beast but do no damage. The ice beast misses you.
You hit the ice beast but do no damage. The ice beast completely misses you.
You hit the ice beast.
The ice beast is poisoned.
The ice beast is lightly wounded.
The ice beast hits you. The ice beast freezes you!
You hit the ice beast.
The ice beast is lightly wounded.
The ice beast completely misses you.
You bite the ice beast!
The ice beast is heavily wounded.
You hit the ice beast but do no damage.
The ice beast looks as sick as possible!
The ice beast is heavily wounded.
The ice beast hits you. The ice beast freezes you.
You hit the ice beast.
The ice beast is severely wounded.
The ice beast hits you. The ice beast freezes you!
* * * LOW HITPOINT WARNING * * *
You hit the ice beast but do no damage.
The ice beast is severely wounded.
Your transformation is almost over.
The ice beast misses you.
You hit the ice beast but do no damage.
The ice beast is almost dead.
The ice beast misses you.
You barely miss the ice beast.
The ice beast is almost dead.
The ice beast hits you.
* * * LOW HITPOINT WARNING * * *
The ice beast freezes you!
You die...
Kikubaaqudgha rasps: "You have failed me!
Welcome... death!"

### #.# #∆ #.#
#####.#######.#
......Ys....#.##########
####...####.............
#../. ###.##########
....... #.# # ###....
#.# # ##... #.. # ##.#
### # ## # #


You could see an ice beast (very poisoned).

Vanquished Creatures
  Robin (D:2)
  2 adders (D:2)
  2 dart slugs (D:1)
  5 bats
  4 endoplasms
  A giant cockroach (D:1)
  11 goblins
  6 hobgoblins
  3 quokkas
  4 ball pythons
  2 frilled lizards
  8 kobolds
  10 rats
59 creatures vanquished.

Notes
Turn   | Place    | Note
-------+----------+-------------------------------------------
     0 | D:1      | themarg the Gnoll Transmuter began the quest for the Orb.
     0 | D:1      | Reached XP level 1. HP: 17/17 MP: 6/6
   131 | D:1      | Reached XP level 2. HP: 22/23 MP: 5/7
   307 | D:1      | Reached skill level 5 in Spellcasting
   307 | D:1      | Reached XP level 3. HP: 26/28 MP: 7/9
   338 | D:1      | Learned a level 2 spell: Wereblood
   342 | D:1      | Learned a level 3 spell: Spider Form
   357 | D:1      | Found a faded altar of an unknown god.
   392 | D:1      | Prayed at the altar of an unknown god.
   392 | D:1      | Became a worshipper of Kikubaaqudgha
   392 | D:1      | Reached * piety under Kikubaaqudgha
   392 | D:1      | Received a gift from Kikubaaqudgha
   595 | D:1      | Reached skill level 1 in Invocations
   751 | D:2      | Reached skill level 1 in Short Blades
   751 | D:2      | Reached skill level 1 in Long Blades
   751 | D:2      | Reached skill level 1 in Axes
   751 | D:2      | Reached skill level 1 in Maces & Flails
   751 | D:2      | Reached skill level 1 in Polearms
   751 | D:2      | Reached skill level 1 in Staves
   751 | D:2      | Reached skill level 1 in Ranged Weapons
   751 | D:2      | Reached skill level 1 in Throwing
   751 | D:2      | Reached skill level 1 in Armour
   751 | D:2      | Reached skill level 1 in Stealth
   751 | D:2      | Reached skill level 1 in Shields
   751 | D:2      | Reached skill level 1 in Evocations
   851 | D:2      | Noticed Robin
   864 | D:2      | Reached XP level 4. HP: 34/34 MP: 3/11
   865 | D:2      | Reached ** piety under Kikubaaqudgha
   868 | D:2      | Killed Robin
  1027 | D:2      | Reached skill level 1 in Conjurations
  1027 | D:2      | Reached skill level 1 in Hexes
  1027 | D:2      | Reached skill level 1 in Summonings
  1027 | D:2      | Reached skill level 1 in Necromancy
  1027 | D:2      | Reached skill level 1 in Translocations
  1027 | D:2      | Reached skill level 1 in Fire Magic
  1027 | D:2      | Reached skill level 1 in Ice Magic
  1027 | D:2      | Reached skill level 1 in Air Magic
  1027 | D:2      | Reached skill level 1 in Earth Magic
  1027 | D:2      | Reached skill level 1 in Poison Magic
  1824 | D:3      | Noticed an ice beast
  1843 | D:3      | Slain by an ice beast

Illustrated notes

Levels and vault maps discovered:
D:1:      lemuel_arrival_cross, layout_basic, ebering_ecumenical_altar_ruins
D:2:      layout_basic, uniq_robin
D:3:      layout_loops_ring, minmay_ruptured, uniq_crazy_yiuf_cottage

Skill      XL: |  1  2  3  4 |
---------------+-------------+-----
Spellcasting   | 5 |  5.1
Invocations    | 1 |  1.3
Short Blades   | 1 |  1.2
Long Blades    | 1 |  1.2
Axes           | 1 |  1.2
Maces & Flails | 1 |  1.2
Polearms       | 1 |  1.2
Staves         | 1 |  1.2
Ranged Weapons | 1 |  1.2
Throwing       | 1 |  1.2
Armour         | 1 |  1.2
Stealth        | 1 |  1.2
Shields        | 1 |  1.2
Evocations     | 1 |  1.2
Conjurations   | 1 |  1.0
Hexes          | 1 |  1.0
Summonings     | 1 |  1.0
Necromancy     | 1 |  1.0
Translocations | 1 |  1.0
Fire Magic     | 1 |  1.0
Ice Magic      | 1 |  1.0
Air Magic      | 1 |  1.0
Earth Magic    | 1 |  1.0
Poison Magic   | 1 |  1.0
Fighting       | |  2.8
Dodging        | |  4.7
Unarmed Combat | |  6.6
Transmutations | |  3.9

Action                   |  1- 3 |  4- 6 || total
-------------------------+-------+-------++-------
Melee: Unarmed           |    86 |    45 ||   131
       Kick              |    20 |     1 ||    21
       Headbutt          |     6 |       ||     6
       Bite              |     4 |     1 ||     5
       Punch             |     1 |       ||     1
 Cast: Beastly Appendage |    20 |     4 ||    24
       Spider Form       |     2 |     7 ||     9
       Wereblood         |     1 |       ||     1
Armor: Robe              |    13 |       ||    13
       Skin              |     1 |     2 ||     3
Dodge: Dodged            |    53 |    30 ||    83

Table legend: (Time is in decaauts)
 A = Elapsed time spent in this place.
 B = Non-inter-level travel time spent in this place.
 C = Inter-level travel time spent in this place.
 D = Time resting spent in this place.
 E = Time spent auto-exploring this place.
 F = Levels seen in this place.
 G = Mean time per level.
                   A        B        C        D        E       F      G
               +--------+--------+--------+--------+--------+-----+--------+
         Total |   1825 |   1780 |     45 |      0 |   1417 |   3 |  608.3 |
       Dungeon |   1825 |   1780 |     45 |      0 |   1417 |   3 |  608.3 |
               +--------+--------+--------+--------+--------+-----+--------+

Top non-repeatable levels by time:
     D:2: 876 daAuts
     D:1: 649 daAuts
     D:3: 300 daAuts
